 Dungeon Crawl Stone Soup version 0.20-a0-984-ge8aa303 (console) character file.

198 nht the Ruffian (level 5, -1/50 HPs)
             Began as an Ogre Gladiator on Apr 10, 2017.
             Slain by a gnoll
             ... wielding a +0 club
              (3 damage)
             ... while paralysed
             ... on level 1 of the Dungeon.
             The game lasted 00:03:38 (2407 turns).

nht the Ruffian (Ogre Gladiator)                    Turns: 2407, Time: 00:03:39

Health: -1/50      AC:  3    Str: 19    XL:     5   Next: 77%
Magic:  5/5        EV:  1    Int:  9    God:
Gold:   152        SH:  0    Dex: 10    Spells: 4/4 levels left

rFire    . . .     SeeInvis .     - Unarmed
rCold    . . .     Gourm    .   (no shield)
rNeg     . . .     Faith    .   a - +0 robe
rPois    .         Spirit   .   b - +0 hat
rElec    .         Reflect  .   (no cloak)
rCorr    .         Harm     .   (gloves unavailable)
MR       +....                  (boots unavailable)
Stlth    +.........             k - amulet of rage
Regen    0.2/turn               l - ring of protection from magic
MPRegen  0.1/turn               (no ring)

@: paralysed, exhausted, slowed
A: unfitting armour, tough skin 1
a: Evoke Berserk Rage


You were on level 1 of the Dungeon.
You were hungry.

You visited 1 branch of the dungeon, and saw 3 of its levels.

You collected 152 gold pieces.

Inventory:

Missiles
 g - 4 large rocks (quivered)
 n - 7 javelins
Armour
 a - a +0 robe (worn)
 b - a +0 hat (worn)
Jewellery
 k - an amulet of rage (around neck)
 l - a ring of protection from magic (left hand)
Scrolls
 c - a scroll of recharging {unknown}
 e - a scroll of blinking {unknown}
 f - a scroll of enchant weapon
Potions
 j - a potion of berserk rage {unknown}
Comestibles
 d - 3 bread rations
 h - 5 chunks of flesh
 i - a meat ration
 m - a royal jelly


   Skills:
 - Level 2.6 Fighting
 - Level 2.0 Throwing
 - Level 2.6 Dodging
 + Level 5.7 Unarmed Combat


You had 4 spell levels left.
You didn't know any spells.

Dungeon Overview and Level Annotations

Branches:
Dungeon (3/15)

Altars:
Qazlal
The Shining One

Annotations:
D:2 Sigmund


Innate Abilities, Weirdness & Mutations

You are too large for most types of armour.
You have tough skin. (AC +1)


Message History

You hit something. Something hits you.
* * * LOW HITPOINT WARNING * * *
The gnoll hits you with a club.
* * * LOW HITPOINT WARNING * * *
You are feeling hungry.
You hit something. The gnoll barely misses you. The gnoll hits you.
* * * LOW HITPOINT WARNING * * *
Something completely misses you.
There is a stone staircase leading up here.
You feel a strong urge to attack something.
The gnoll hits you but does no damage. The gnoll barely misses you.
The gnoll closely misses you.
You climb upwards.
You are no longer berserk.
You pass out from exhaustion.
You feel yourself slow down. The gnoll hits you.
* * * LOW HITPOINT WARNING * * *
The gnoll hits you with a club.
You die... █.███..████..███ █.████.██...██.█ █ █...█...).███..███ █.██████████.█.... █.█ █.█........... █.█ █.██████.█████ █.█ █.█ █..█ ██ █g█

█.█ █.██ █. █@█ █.█
█.█ ██. ██g███.█ █.█
██.. █..g██.█ █.███...
█...██.█ █.██....
████...██.█ █.█.█.█.
█.........█████..███..
█...............██ ██.
█.........██████.███..
████..>██.███████.█.██


You could see 3 gnolls.

Vanquished Creatures
  The ghost of DEFE the Ducker, an amateur DEAK of Lugonu (D:3)
  Natasha (D:3)
  3 gnolls (D:3)
  2 adders
  A worm (D:2)
  2 leopard geckos
  An orc (D:3)
  5 bats
  3 giant cockroaches
  6 goblins
  5 hobgoblins
  4 jackals (D:1)
  6 kobolds
  A quokka (D:2)
  3 frilled lizards
  4 rats
48 creatures vanquished.

Notes
Turn   | Place    | Note
-------+----------+-------------------------------------------
     0 | D:1      | nht the Ogre Gladiator began the quest for the Orb.
     0 | D:1      | Reached XP level 1. HP: 22/22 MP: 1/1
    28 | D:1      | Reached skill level 3 in Unarmed Combat
    44 | D:1      | Reached XP level 2. HP: 6/29 MP: 2/2
   770 | D:1      | Reached XP level 3. HP: 36/36 MP: 3/3
  1103 | D:2      | Reached skill level 4 in Unarmed Combat
  1316 | D:2      | Found a stormy altar of Qazlal.
  1389 | D:2      | Noticed Sigmund
  1699 | D:3      | Found a glowing golden altar of the Shining One.
  1761 | D:3      | Reached XP level 4. HP: 19/44 MP: 4/4
  1762 | D:3      | Noticed Natasha
  1769 | D:3      | Killed Natasha
  1989 | D:3      | Noticed DEFE's ghost (amateur DEAK)
  1997 | D:3      | Killed DEFE's ghost
  1997 | D:3      | Reached skill level 5 in Unarmed Combat
  1997 | D:3      | Reached XP level 5. HP: 50/50 MP: 5/5
  2403 | D:2      | HP: 3/75 [gnoll (1)]
  2407 | D:1      | Slain by a gnoll

Vault maps used:
D:1:      dpeg_arrival_round_b
D:2:      grunt_temple_overflow_growth_and_decay,
          nicolae_qazlal_general_emergency, lemuel_round_altar, uniq_terence,
          uniq_sigmund
D:3:      lemuel_crystal_altar, first_bread, uniq_natasha

Skill      XL: |  1  2  3  4 |
---------------+-------------+-----
Unarmed Combat | 3 4 5 |  5.7
Fighting       | |  2.6
Throwing       | |  2.0
Dodging        | |  2.6

Action                   |  1- 3 |  4- 6 || total
-------------------------+-------+-------++-------
Melee: Unarmed           |   125 |    58 ||   183
       Punch             |     2 |     1 ||     3
Throw: Throwing net      |     8 |       ||     8
       Large rock        |     1 |       ||     1
 Abil: Evoke Berserk Rag |     1 |     2 ||     3
  Use: Potion            |     4 |       ||     4
       Scroll            |     3 |       ||     3
 Stab: Sleeping          |     1 |       ||     1
  Eat: Chunk             |     3 |     4 ||     7
Armor: Robe              |    51 |    11 ||    62
Dodge: Dodged            |    86 |    25 ||   111
